 Seeded DCSS version 0.30.1-9-gdf580d7c3d (webtiles) character file.

Game seed: 6351066067085065685 (custom seed)

546 Esekla the Magician (level 7, -6/36 HPs)
             Began as a Deep Elf Wanderer on Oct 2, 2023.
             Was a Believer of Vehumet.
             Killed from afar by a white imp (9 damage)
             ... with a puff of frost
             ... on level 5 of the Dungeon.
             The game lasted 00:34:48 (4862 turns).

Esekla the Magician (Deep Elf Wanderer)             Turns: 4862, Time: 00:34:48

Health: -6/36      AC:  4    Str: 11    XL:     7   Next: 6%
Magic:  20/20      EV: 12    Int: 20    God:    Vehumet [**....]
Gold:   325        SH:  4    Dex: 14    Spells: 11/21 levels left

rFire   . . .        s - +5 rapier of the Hero {heavy, rN+ Dex+3}
rCold   . . .        d - +0 buckler
rNeg    + . .        c - +0 robe
rPois   .            m - +0 helmet
rElec   .            (no cloak)
rCorr   .            l - +0 pair of gloves
SInv    .            (no boots)
Will    .....        w - amulet of magic regeneration
Stlth   ++           (no ring)
HPRegen 0.26/turn    (no ring)
MPRegen 0.57/turn

%: no passive effects
@: no status effects
A: no striking features
a: Renounce Religion


You were on level 5 of the Dungeon.
You worshipped Vehumet.
Vehumet was pleased with you.
You visited 1 branch of the dungeon, and saw 6 of its levels.

You collected 325 gold pieces.

Inventory:

Hand Weapons
 a - a +2 vampiric dagger
 r - a +0 trident
 s - the +5 rapier of the Hero (weapon) {heavy, rN+ Dex+3}
   (You found it on level 3 of the Dungeon)

   Dex:       It affects your dexterity (+3).
   rN:        It protects you from negative energy.
Missiles
 C - 9 poisoned darts (quivered)
Armour
 c - a +0 robe (worn)
 d - a +0 buckler (worn)
 l - a +0 pair of gloves (worn)
 m - a +0 helmet (worn)
Jewellery
 w - an amulet of magic regeneration (around neck)
Wands
 f - a wand of roots (16)
 D - a wand of flame (13)
Scrolls
 g - 5 scrolls of identify {unknown}
 o - a scroll of enchant armour {unknown}
 p - a scroll of amnesia {unknown}
 q - a scroll of immolation {unknown}
 u - 2 scrolls of fog {unknown}
 v - a scroll of magic mapping {unknown}
 x - 3 scrolls of enchant weapon {unknown}
 y - 2 scrolls of fear
 z - a scroll of summoning {unknown}
 A - a scroll of silence {unknown}
 B - a scroll of blinking {unknown}
Potions
 b - 2 potions of lignification
 e - a potion of ambrosia {unknown}
 h - 2 potions of heal wounds {unknown}
 i - a potion of haste {unknown}
 j - 5 potions of curing {unknown}
 k - 3 potions of attraction {unknown}
 n - a potion of mutation {unknown}
 t - 3 potions of brilliance {unknown}


   Skills:
 + Level 1.0 Short Blades
 * Level 3.1 Dodging
 + Level 1.9 Stealth
 + Level 1.6 Shields
 * Level 7.5 Spellcasting
 + Level 2.0 Conjurations
 * Level 4.2 Necromancy
 + Level 3.0 Translocations
 + Level 1.1 Invocations


You had 11 spell levels left.
You knew the following spells:

 Your Spells              Type           Power      Damage    Failure   Level
a - Magic Dart            Conj           60%        1d6       6%          1
b - Blink                 Tloc           38%        N/A       5%          2
d - Vampiric Draining     Necr           24%        2d7       7%          3
p - Apportation           Tloc           38%        N/A       3%          1
t - Teleport Other        Tloc           19%        N/A       11%         3

Your spell library contained the following spells:

 Spells                   Type           Power      Damage    Failure   Level
 Foxfire                  Conj/Fire      44%        2x1d6     9%          1
 Lesser Beckoning         Tloc           38%        N/A       5%          2
 Gell's Gravitas          Tloc           19%        N/A       11%         3
 Ignite Poison            Fire/Tmut/Pois 7%         N/A       36%         3
 Spider Form              Tmut/Pois      7%         N/A       36%         3
 Cause Fear               Hex            3%         N/A       78%         4
 Summon Mana Viper        Hex/Summ       7%         N/A       98%         5


Dungeon Overview and Level Annotations

Branches:
Dungeon (6/15)             Temple (0/1) D:6

Altars:
Dithmenos
Hepliaklqana
Okawaru
Qazlal
Trog
Vehumet
Zin
The Shining One

Shops:
D:2 =   D:4 (

Annotations:
D:2 black bear


Message History

The adder poisons you! The adder bites you. x2
Casting: Apportation (safe; 3% risk of failure)
Confirm with . or Enter, or press ? or * to list all spells.
Aiming: Vampiric Draining (dangerous; 7% risk of failure)
Press: ? - help, Shift-Dir - straight line, f - adder
Aim: an adder (almost dead)
You draw life force from the adder.
You kill the adder!
Vehumet accepts your kill.
You feel life coursing into your body.
You feel sick.
You feel sick.
You feel sick.
Found a scroll of fear.
You feel sick.
You feel sick.
You are no longer poisoned.
Found an escape hatch in the ceiling.
y - 2 scrolls of fear (gained 1)
Found a stone staircase leading down.
A white imp comes into view.
The white imp hits you. The white imp freezes you.
You barely miss the white imp. The white imp gestures at you.
The puff of frost hits you. The white imp gestures at you.
The puff of frost hits you!
Aiming: Throw Flame
Press: ? - help, Shift-Dir - straight line, f - white imp
Aim: a white imp (68% to hit)
The puff of flame misses the white imp.
The white imp gestures at you. The puff of frost hits you!
* * * LOW HITPOINT WARNING * * *
Aiming: Throw Flame
Press: ? - help, Shift-Dir - straight line, f/p - white imp
Aim: a white imp (68% to hit)
The puff of flame hits the white imp.
The white imp is lightly wounded.
The white imp gestures at you. The puff of frost hits you!
You die...

#.....................<
#.#........##..........
#.##......<........####
#.###...#.#######..#
#.# ##..#....# #..# #.#
#..#.###......# #.#
#...## ##.## #.# #...#
.. #.# #@#.# ##
#..5....#
#............#
###.#####..### #. ..# #
..# ... ##


You could see a white imp.

Vanquished Creatures
  A gnoll bouda (D:5)
  4 hounds
  A jelly (D:6)
  4 iguanas
  12 gnolls
  7 adders
  A white imp (D:5)
  A worm (D:4)
  3 dart slugs
  9 orcs
  6 ball pythons
  4 endoplasms
  8 goblins
  5 hobgoblins
  A quokka (D:1)
  4 bats
  4 frilled lizards
  5 kobolds
  A rat (D:2)
81 creatures vanquished.

Notes
Turn   | Place    | Note
-------+----------+-------------------------------------------
     0 | D:1      | Esekla the Deep Elf Wanderer began the quest for the Orb.
     0 | D:1      | Esekla set off with the following items: a +0 club, a
                  | potion of lignification, a +0 robe, a +0 buckler; and the
                  | following spells available to memorise: Apportation, Blink,
                  | Lesser Beckoning, Magic Dart, Ignite Poison, Vampiric
                  | Draining.
     0 | D:1      | Reached XP level 1. HP: 10/10 MP: 7/7
     2 | D:1      | Learned a level 1 spell: Magic Dart
     4 | D:1      | Learned a level 1 spell: Apportation
   221 | D:2      | Found Renulab's Jewellery Shop.
   600 | D:4      | Found a radiant altar of Vehumet.
   608 | D:4      | Found an iron altar of Okawaru.
   620 | D:4      | Found a glowing silver altar of Zin.
   775 | D:4      | Became a worshipper of Vehumet
   947 | D:3      | Reached XP level 2. HP: 5/15 MP: 7/9
   950 | D:3      | Learned a level 2 spell: Blink
  1076 | D:3      | Reached skill level 1 in Necromancy
  1190 | D:3      | Reached skill level 5 in Spellcasting
  1379 | D:3      | Identified the +5 rapier of the Hero {heavy, rN+ Dex+3}
  1521 | D:2      | Reached XP level 3. HP: 19/19 MP: 8/11
  1525 | D:2      | Learned a level 3 spell: Vampiric Draining
  1748 | D:1      | Reached * piety under Vehumet
  1748 | D:1      | Offered knowledge of Freeze by Vehumet.
  1769 | D:1      | Learned a level 3 spell: Teleport Other
  2069 | D:2      | Reached skill level 1 in Conjurations
  2182 | D:3      | Reached XP level 4. HP: 21/24 MP: 13/13
  2298 | D:3      | Found a stormy altar of Qazlal.
  2332 | D:3      | Reached skill level 1 in Dodging
  2348 | D:3      | Found a bloodstained altar of Trog.
  2351 | D:3      | Found a hazy altar of Hepliaklqana.
  2481 | D:2      | Noticed a black bear
  2632 | D:2      | Found a faded altar of an unknown god.
  2665 | D:2      | Reached XP level 5. HP: 28/28 MP: 11/15
  2929 | D:5      | Entered Level 5 of the Dungeon
  2936 | D:5      | Got the Parchment of the Lumpy Olives
  2951 | D:5      | Found a shadowy altar of Dithmenos.
  2999 | D:5      | Reached skill level 6 in Spellcasting
  3054 | D:5      | You fall into a shaft and drop 1 floor!
  3101 | D:6      | Found a staircase to the Ecumenical Temple.
  3101 | D:6      | Noticed a sky beast
  3176 | D:6      | Reached skill level 1 in Short Blades
  3315 | D:5      | Reached XP level 6. HP: 21/32 MP: 13/17
  3482 | D:4      | Found a glowing golden altar of the Shining One.
  4074 | D:4      | Found Ponaysk's Antique Weapon Boutique.
  4403 | D:5      | Reached skill level 7 in Spellcasting
  4517 | D:6      | Offered knowledge of Foxfire by Vehumet.
  4560 | D:6      | Noticed an ice beast
  4703 | D:5      | Reached ** piety under Vehumet
  4704 | D:5      | Reached XP level 7. HP: 25/36 MP: 13/19
  4862 | D:5      | Killed from afar by a white imp

Illustrated notes

Levels and vault maps discovered:
D:1:      sevenhm_arrival_forest_fort_small_3, layout_rooms,
          chequers_serial_rivers_room_b, minmay_misc_feat_five
D:2:      layout_loops_ring, dreamdust_ecumenical_altar_angels_and_demons,
          serial_shops, shop
D:3:      layout_basic, grunt_temple_overflow_open, minmay_misc_feat_iff
D:4:      layout_basic, nicolae_overflow_quartered_altars, serial_shops,
          nicolae_diamond_shop
D:5:      layout_loops_ring, lemuel_doored_altar, minmay_misc_feat_rows,
          dreamdust_wishing_well
D:6:      layout_loops_cross, fedhas_altar_fruit_tree,
          minmay_temple_entry_glass, uniq_pikel, uniq_blork_the_orc

Skill      XL: |  1  2  3  4  5  6 |
---------------+-------------------+-----
Necromancy     | 2 3 4 |  4.2
Spellcasting   | 5 6 7 |  7.5
Conjurations   | 1 2 |  2.0
Dodging        | 1 2 3 |  3.1
Short Blades   | 1 |  1.0
Translocations | 3 |  3.0
Stealth        | |  1.9
Shields        | |  1.6
Invocations    | |  1.1

Action                     |  1- 3 |  4- 6 |  7- 9 || total
---------------------------+-------+-------+-------++-------
  Melee: Short sword       |    25 |    53 |       ||    78
         Rapier            |    16 |    12 |     4 ||    32
         Dagger            |       |    39 |       ||    39
   Cast: Magic Dart        |    62 |    61 |       ||   123
         Apportation       |    27 |    15 |     6 ||    48
         Vampiric Draining |       |    37 |     1 ||    38
         Blink             |       |     2 |       ||     2
  Evoke: Wand              |       |       |     2 ||     2
    Use: Scroll            |     1 |       |       ||     1
   Stab: Sleeping          |     4 |     2 |       ||     6
 Armour: Robe              |    15 |    16 |       ||    31
  Dodge: Dodged            |    38 |    68 |     1 ||   107
  Block: Buckler           |    11 |    21 |       ||    32
